 Dungeon Sprint DCSS version 0.28.0-49-g6dfe1f597d (webtiles) character file.

Game seed: 16603193462796263528

18016 Revguard the Bringer of Law (level 12, -5/103 HPs)
             Began as a Human Fighter on May 18, 2022.
             Was the Champion of Zin.
             Killed from afar by a golden dragon (8 damage)
             ... with a bolt of fire
             ... in the Dungeon (Sprint V: "Ziggurat Sprint").
             The game lasted 00:15:01 (763 turns).

Revguard the Bringer of Law (Human Fighter)          Turns: 763, Time: 00:15:03

Health: -5/103     AC: 26    Str: 22    XL:     12   Next: 89%
Magic:  21/22      EV:  4    Int: 16    God:    Zin [******]
Gold:   605        SH: 36    Dex: 19    Spells: 11/11 levels left

rFire   + + .      SeeInvis .   F - +13 lance "Wyrmbane" {slay drac, rPois rF+ rC+ AC+3}
rCold   + + +      Faith    .   G - +18 shield of the Gong {rElec rN+ Will+ EV-5}
rNeg    + . .      Spirit   .   E - +5 gold dragon scales
rPois   ∞          Reflect  +   (no helmet)
rElec   +          Harm     .   (no cloak)
rCorr   .          Rampage  .   (no gloves)
Will    ++...      NoTele   +   (no boots)
Stlth   ..........              b - amulet of Suxzi {Reflect Will+ Regen+ Str+3 SH+5}
HPRegen 1.07/turn               L - +4 ring of slaying
MPRegen 0.18/turn               I - ring of the Tick {rC++ Str-5 Int+4 Slay+4}

@: vitalised, on berserk cooldown, on recite cooldown, slowed, very slow
A: no striking features
a: Renounce Religion, Recite, Vitalisation, Imprison, Sanctuary, Donate Gold


You were in the Dungeon.
You worshipped Zin.
Zin was exalted by your worship.
You visited 1 branch You collected 672 gold pieces.
You donated 67 gold pieces to Zin.

Inventory:

Hand Weapons
 F - the +13 lance "Wyrmbane" (weapon) {slay drac, rPois rF+ rC+ AC+3}
   (You found it in the Dungeon)

   It inflicts extra damage against dragons and draconians.
   AC:        It affects your AC (+3).
   rF:        It protects you from fire.
   rC:        It protects you from cold.
   rPois:     It protects you from poison.
Armour
 D - a +5 crystal plate armour
 E - +5 gold dragon scales (worn)
 G - the +18 shield of the Gong (worn) {rElec rN+ Will+ EV-5}
   (You found it in the Dungeon)

   It is deafeningly noisy when blocking attacks.
   EV:        It affects your evasion (-5).
   rElec:     It insulates you from electricity.
   rN:        It protects you from negative energy.
   Will:      It increases your willpower.
Jewellery
 b - the amulet of Suxzi (around neck) {Reflect Will+ Regen+ Str+3 SH+5}
   (You found it in the Dungeon)

   [amulet of reflection]

   It reflects blocked missile attacks.
   Str:       It affects your strength (+3).
   Regen:     It increases your rate of health regeneration.
   SH:        It affects your SH (+5).
   Will:      It increases your willpower.
 c - a ring of fire
 n - a ring of protection from fire
 t - a ring of flight
 u - a +6 ring of dexterity
 v - a +6 ring of dexterity
 w - a +6 ring of intelligence
 x - a +6 ring of intelligence
 y - a +6 ring of strength
 z - a +6 ring of strength
 H - a ring of protection from cold
 I - the ring of the Tick (right hand) {rC++ Str-5 Int+4 Slay+4}
   (You found it in the Dungeon)

   [ring of slaying]

   Str:       It affects your strength (-5).
   Int:       It affects your intelligence (+4).
   Slay:      It affects your accuracy & damage with ranged weapons and melee
   (+4).
   rC:        It greatly protects you from cold.
 J - a +6 ring of intelligence
 L - a +4 ring of slaying (left hand)
 M - the ring of Jafoutz {rN+ EV+4}
   (You found it in the Dungeon)

   [ring of evasion]

   EV:        It affects your evasion (+4).
   rN:        It protects you from negative energy.
Wands
 A - a wand of mindburst (7)
 B - a wand of iceblast (7)
 C - a wand of acid (4)
Scrolls
 j - 4 scrolls of blinking
 o - 4 scrolls of amnesia
 p - 7 scrolls of fog
 q - a scroll of holy word
 r - 5 scrolls of identify
 s - 2 scrolls of fear
 N - a scroll of brand weapon
Potions
 d - 6 potions of might
 e - 10 potions of curing
 f - 10 potions of heal wounds
 g - 6 potions of haste
 h - 7 potions of magic
 k - 2 potions of brilliance
 l - a potion of invisibility
 m - 4 potions of resistance
Miscellaneous
 a - a lightning rod (4/4)
 K - a tin of tremorstones (2/2)


   Skills:
 + Level 12.7 Fighting
 + Level 12.5 Polearms
 + Level 12.7 Armour
 + Level 12.3 Dodging
 + Level 12.8 Shields
 + Level 13.4 Invocations
 + Level 12.2 Evocations


You had 11 spell levels left.
You didn't know any spells.
Your spell library contained the following spells:

 Spells                   Type           Power      Damage    Failure   Level
 Apportation              Tloc           0%         N/A       100%        1
 Sting                    Tmut/Pois      0%         1d3       100%        1
 Poisonous Vapours        Pois/Air       0%         N/A       100%        2
 Sublimation of Blood     Necr           0%         N/A       100%        2
 Hailstorm                Conj/Ice       0%         3d3       100%        4
 Ice Form                 Ice/Tmut       0%         N/A       100%        4
 Olgreb's Toxic Radiance  Pois           0%         N/A       100%        4
 Petrify                  Tmut/Erth      0%         N/A       100%        4
 Alistair's Intoxication  Tmut/Pois      0%         N/A       100%        5
 Borgnjor's Vile Clutch   Necr/Erth      0%         N/A       100%        5
 Metabolic Englaciation   Hex/Ice        0%         N/A       100%        5
 Dispersal                Tloc           0%         N/A       100%        6
 Eringya's Noxious Bog    Tmut/Pois      0%         N/A       100%        6
 Simulacrum               Ice/Necr       0%         N/A       100%        6
 Statue Form              Tmut/Erth      0%         N/A       100%        6
 Disjunction              Tloc           0%         N/A       100%        8
 Infestation              Necr           0%         N/A       100%        8


Dungeon Overview and Level Annotations

Branches:
Dungeon (1/1)

Altars:
Ashenzari
Cheibriados
Dithmenos
Elyvilon
Fedhas
Gozag
Hepliaklqana
Kikubaaqudgha
Makhleb
Nemelex Xobeh
Okawaru
Qazlal
Ru
Sif Muna
Trog
Uskayaw
Vehumet
Wu Jian
Xom
Yredelemnul
Zin
The Shining One
Beogh
Jiyva
Lugonu

Annotations:
D 1 transporter


Message History

The red draconian is lost in a daze.
The purple draconian mumbles something.
The purple draconian barely misses the purple draconian.
You block the yellow draconian's attack.
GONNNNG!
The golden dragon bites you but does no damage.
You block the golden dragon's attack.
GONNNNG!
The golden dragon tramples you!
* * * LOW HITPOINT WARNING * * *
You hold your ground!
Your Evocations skill increases to level 12!
You perforate the yellow draconian like a sieve!!!
The yellow draconian convulses.
You kill the yellow draconian!
The lance glows as it skewers the yellow draconian.
You puncture the purple draconian!
The purple draconian convulses.
The purple draconian is severely wounded.
The purple draconian breathes dispelling energy at you.
The bolt of dispelling energy hits you!
* * * LOW HITPOINT WARNING * * *
The red draconian is lost in a daze.
The purple draconian hits the purple draconian with a +0 scimitar.
The purple draconian hits itself but does no damage.
You are too berserk!
You block the purple draconian's attack.
GONNNNG!
You see here a +0 hand axe.
You feel a strong urge to attack something.
You impale the purple draconian!!
The purple draconian convulses!!
You kill the purple draconian!
The lance glows as it skewers the purple draconian.
You closely miss the red draconian.
The red draconian is heavily wounded.
You are no longer berserk.
You are exhausted.
You feel yourself slow down. The golden dragon breathes fire at you.
The bolt of fire hits you! You resist.
You die...

▓...8©8...▓...8©8.
▓..|}||}|.▓..).[.)
▓..))[)?..▓..)..})
▓.........▓.......
▓.....d...▓.......
▓.........▓.......
▓....)....▓.....†.
▓d..).....▓.......
▓@▓d)...▓.▓.▓..†††
▓..D.©....▓....©.†
▓▓▓▓▓▓▓▓▓▓▓▓▓▓▓▓▓▓


You could see a golden dragon (catching breath), a purple draconian (confused)
and a red draconian (dazed).

Vanquished Creatures
  An emperor scorpion (D)
  A broodmother (D)
  A black draconian (D)
  A purple draconian (D)
  An entropy weaver (D)
  A spark wasp (D)
  A yellow draconian (D)
  2 red draconians (D)
  A radroach (D)
  A two-headed ogre (D)
  A dancing weapon (D)
  A deep elf knight (D)
  A sun moth (D)
  A steelbarb worm (D)
  A deep elf archer (D)
  An orb spider (D)
  3 deep elf zephyrmancers (D)
  A wolf spider (D)
  A moth of wrath (D)
  2 naga magi (D)
  2 rime drakes (D)
  2 trolls (D)
  3 wind drakes (D)
  A jumping spider (D)
  2 water elementals (D)
  6 air elementals (D)
  A steam dragon (D)
  A neqoxec (D)
  2 nagas (D)
  6 water moccasins (D)
  3 ogres (D)
  3 phantoms (D)
  A crimson imp (D)
  2 quasits (D)
  2 adders (D)
  An adder zombie (D)
  3 ball pythons (D)
  2 endoplasms (D)
  A ball python skeleton (D)
  A jackal zombie (D)
  A quokka skeleton (D)
70 creatures vanquished.

Notes
Turn   | Place    | Note
-------+----------+-------------------------------------------
     0 | D        | Revguard the Human Fighter began the quest for the Orb.
     0 | D        | Reached XP level 1. HP: 18/18 MP: 1/1
     0 | D        | Banished a spatial maelstrom
     8 | D        | Found a shimmering blue altar of Sif Muna.
     8 | D        | Found a bloodstained altar of Trog.
     8 | D        | Found a sacrificial altar of Ru.
     8 | D        | Found a stormy altar of Qazlal.
     8 | D        | Found an iron altar of Okawaru.
     9 | D        | Found a sparkling altar of Nemelex Xobeh.
     9 | D        | Found a blossoming altar of Fedhas.
     9 | D        | Found the +6 Majin-Bo {vamp, MP+6 Int+6}
     9 | D        | Found the +9 heavy crossbow "Sniper" {vorpal, Acc+∞ SInv}
     9 | D        | Found the +10 dark maul {vorpal}
     9 | D        | Found the +15 Maxwell's patent armour {-Cast -Tele rElec
                  | Will+ rCorr}
     9 | D        | Found the +18 shield of the Gong {rElec rN+ Will+ EV-5}
     9 | D        | Found the +14 obsidian axe {vorpal, Mesm Drain Fly SInv}
     9 | D        | Found the +7 great mace "Firestarter" {inner flame, rF++}
     9 | D        | Found the +6 shillelagh "Devastator" {shatter}
     9 | D        | Found the +11 plutonium sword {Contam Stlth-}
     9 | D        | Found the +8 lance "Wyrmbane" {slay drac, rPois rF+ rC+
                  | AC+3}
     9 | D        | Found the +9 sword of Zonguldrok {reap}
     9 | D        | Found the +13 scythe of Curses {drain, Drain}
     9 | D        | Found the +5 sword of Power {vorpal}
     9 | D        | Found the +7 mace of Variability {chain chaos}
     9 | D        | Found the +7 Singing Sword {vorpal, sonic wave}
     9 | D        | Found the +8 storm bow {elec, penet}
    11 | D        | Found a transporter.
    11 | D        | Found an ancient bone altar of Kikubaaqudgha.
    11 | D        | Found a viscous altar of Jiyva.
    11 | D        | Found a corrupted altar of Lugonu.
    11 | D        | Found a hazy altar of Hepliaklqana.
    11 | D        | Found a burning altar of Makhleb.
    11 | D        | Found an opulent altar of Gozag.
    22 | D        | Banished a spatial maelstrom
    95 | D        | Became a worshipper of Zin the Law-Giver
   106 | D        | Reached skill level 2 in Invocations
   106 | D        | Reached XP level 2. HP: 25/25 MP: 2/4
   122 | D        | Entered arena 2.
   122 | D        | Found a transporter.
   136 | D        | Entered arena 3.
   136 | D        | Noticed a rime drake
   136 | D        | Noticed a rime drake
   136 | D        | Noticed a steam dragon
   136 | D        | Found a transporter.
   139 | D        | Zin protects you from harm!
   141 | D        | Killed a steam dragon
   142 | D        | Reached skill level 5 in Fighting
   142 | D        | Reached skill level 5 in Armour
   142 | D        | Reached skill level 5 in Shields
   142 | D        | Reached skill level 4 in Invocations
   142 | D        | Reached XP level 3. HP: 25/33 MP: 4/6
   142 | D        | Reached XP level 4. HP: 30/39 MP: 4/7
   142 | D        | Reached XP level 5. HP: 33/44 MP: 4/8
   143 | D        | Killed a rime drake
   144 | D        | Reached skill level 5 in Polearms
   144 | D        | Reached skill level 5 in Dodging
   144 | D        | Reached skill level 5 in Invocations
   144 | D        | Reached skill level 5 in Evocations
   144 | D        | Reached XP level 6. HP: 40/52 MP: 4/10
   144 | D        | Reached XP level 7. HP: 45/58 MP: 4/11
   148 | D        | Killed a rime drake
   149 | D        | Reached skill level 6 in Invocations
   258 | D        | Entered arena 4.
   258 | D        | Noticed a water moccasin
   258 | D        | Noticed a water moccasin
   258 | D        | Found a transporter.
   263 | D        | Killed a water moccasin
   264 | D        | Reached XP level 8. HP: 66/67 MP: 11/13
   316 | D        | Entered arena 5.
   316 | D        | Found a transporter.
   319 | D        | Reached skill level 7 in Invocations
   332 | D        | Got the amulet of Suxzi {Reflect Will+ Regen+ Str+3 SH+5}
   344 | D        | Got the Collected Works on Unholy Magic
   362 | D        | Entered arena 6.
   362 | D        | Found a transporter.
   379 | D        | Reached XP level 9. HP: 74/74 MP: 14/14
   390 | D        | Entered arena 7.
   390 | D        | Noticed a naga mage
   390 | D        | Noticed a naga mage
   391 | D        | Found a transporter.
   400 | D        | Killed a naga mage
   401 | D        | Reached skill level 8 in Invocations
   416 | D        | Killed a naga mage
   429 | D        | Got the ring of the Tick {rC++ Str-5 Int+4 Slay+4}
   451 | D        | Entered arena 8.
   451 | D        | Noticed a troll
   451 | D        | Noticed a troll
   451 | D        | Noticed a two-headed ogre
   452 | D        | Found a transporter.
   467 | D        | Reached skill level 9 in Invocations
   474 | D        | Killed a two-headed ogre
   475 | D        | Reached XP level 10. HP: 35/83 MP: 15/17
   540 | D        | Entered arena 9.
   541 | D        | Found a transporter.
   546 | D        | Reached * piety under Zin
   579 | D        | Entered arena 10.
   579 | D        | Noticed a +4 mace of distortion
   579 | D        | Noticed a deep elf archer
   579 | D        | Noticed a deep elf knight
   579 | D        | Noticed a deep elf zephyrmancer
   579 | D        | Noticed a deep elf zephyrmancer
   579 | D        | Noticed a deep elf zephyrmancer
   581 | D        | Found a transporter.
   583 | D        | Killed a deep elf archer
   583 | D        | Killed a deep elf zephyrmancer
   583 | D        | Killed a deep elf zephyrmancer
   583 | D        | Killed a deep elf zephyrmancer
   584 | D        | Reached skill level 10 in Fighting
   584 | D        | Reached skill level 10 in Polearms
   584 | D        | Reached skill level 10 in Armour
   584 | D        | Reached skill level 10 in Shields
   584 | D        | Reached skill level 10 in Invocations
   584 | D        | Reached XP level 11. HP: 72/91 MP: 18/18
   584 | D        | Killed a +4 mace of distortion
   592 | D        | Killed a deep elf knight
   593 | D        | Reached skill level 10 in Dodging
   593 | D        | Reached skill level 11 in Invocations
   593 | D        | Reached skill level 10 in Evocations
   614 | D        | Entered arena 11.
   614 | D        | Paralysed by an air elemental for 1 turns
   615 | D        | Found a transporter.
   628 | D        | Got the ring of Jafoutz {rN+ EV+4}
   648 | D        | Entered arena 12.
   648 | D        | Noticed a spark wasp
   648 | D        | Noticed an entropy weaver
   648 | D        | Noticed a wolf spider
   648 | D        | Noticed a steelbarb worm
   648 | D        | Noticed a sun moth
   648 | D        | Noticed a broodmother
   648 | D        | Noticed a radroach
   649 | D        | Noticed an emperor scorpion
   651 | D        | Noticed an orb spider
   653 | D        | Killed a spark wasp
   653 | D        | Killed a wolf spider
   655 | D        | Killed a sun moth
   656 | D        | Noticed an orb spider
   658 | D        | Noticed an orb spider
   661 | D        | Killed an entropy weaver
   661 | D        | Killed an orb spider
   662 | D        | Reached skill level 12 in Invocations
   662 | D        | Reached XP level 12. HP: 68/100 MP: 19/21
   663 | D        | Killed a steelbarb worm
   664 | D        | Noticed an orb spider
   671 | D        | Killed a broodmother
   673 | D        | Killed a radroach
   673 | D        | Reached ** piety under Zin
   680 | D        | Killed an emperor scorpion
   682 | D        | Found a transporter.
   732 | D        | Acquired 672 gold pieces
   733 | D        | Reached *** piety under Zin
   733 | D        | Reached **** piety under Zin
   733 | D        | Reached ***** piety under Zin
   733 | D        | Reached ****** piety under Zin
   738 | D        | Entered arena 13.
   738 | D        | Found the +8 Wrath of Trog {antimagic, *Rage Rampage}
   738 | D        | Noticed a red draconian
   738 | D        | Noticed a red draconian
   738 | D        | Noticed a purple draconian
   738 | D        | Noticed a red draconian
   738 | D        | Noticed a golden dragon
   738 | D        | Noticed a white draconian
   738 | D        | Noticed a black draconian
   739 | D        | Noticed a yellow draconian
   739 | D        | Noticed a purple draconian
   739 | D        | Noticed a purple draconian
   740 | D        | Found a transporter.
   746 | D        | Killed a red draconian
   750 | D        | Killed a red draconian
   751 | D        | Reached skill level 13 in Invocations
   755 | D        | Killed a black draconian
   756 | D        | Killed a yellow draconian
   757 | D        | HP: 1/154 [purple draconian/bolt of dispelling energy (15)]
   761 | D        | Killed a purple draconian
   763 | D        | Killed from afar by a golden dragon

Illustrated notes

Levels and vault maps discovered:
D:        sprint_v [room_start, room_1, room_2, room_3, room_4, room_5, room_6,
          room_7, room_8, room_9, room_10, room_11, room_12, room_13, room_14,
          room_15, room_16, room_17, room_18, room_19, room_20, room_21,
          room_22, room_23, room_24, room_25, room_26, room_27]

Skill      XL: |  1  2  3  4  5  6  7  8  9 10 11 12 |
---------------+-------------------------------------+-----
Fighting       | 4 5 6 7 9 10 11 12 | 12.7
Polearms       | 3 4 5 6 7 8 10 11 12 | 12.5
Armour         | 4 5 6 7 9 10 11 12 | 12.7
Dodging        | 2 4 5 6 7 8 9 11 12 | 12.3
Shields        | 4 5 6 7 8 9 10 11 12 | 12.8
Invocations    | 2 4 5 6 7 9 10 12 13 | 13.4
Evocations     | 2 3 5 6 7 8 9 11 12 | 12.2

Action                   |  1- 3 |  4- 6 |  7- 9 | 10-12 || total
-------------------------+-------+-------+-------+-------++-------
Melee: Lance             |     7 |     2 |    92 |    65 ||   166
Invok: Recite            |       |       |       |     3 ||     3
       Vitalisation      |       |       |       |     1 ||     1
Evoke: Wand              |       |       |     1 |     2 ||     3
       Lightning rod     |       |       |     1 |       ||     1
       Tin of tremorston |       |       |       |     8 ||     8
  Use: Potion            |     1 |       |     2 |     6 ||     9
       Scroll            |       |       |       |     1 ||     1
 Stab: Invisible         |       |       |       |     2 ||     2
Armor: Gold dragon scale |     4 |     1 |    55 |    56 ||   116
Dodge: Dodged            |       |       |     4 |     3 ||     7
Block: Kite shield       |     6 |     3 |   201 |   136 ||   346
       Reflection        |       |       |     4 |     2 ||     6
